cohdb
Replays
Latest Replays
All Replays
Popular Replays
Top Player Replays
Match Explorer
How It Works
Community
CoH3 Stats
Reddit
Sign in to upload your games and track your stats! →
Sign in with Steam
Match 40133547
Unlisted
Match 40133547
Overview
Messages
Build Orders
End
Construct Section Command Post
Dingo Light Scout Car
Infantry Section
Selects Heavy Armor Battlegroup
Infantry Section
Infantry Section
Selects Rigorous Vehicle Training
Construct Platoon Command Post
ML 3-inch Mortar Team
Construct Field Infirmary
Royal Engineer Section
Infantry Training
Selects Light Vehicle Withdraw and Refit
Selects UNKNOWN (202330)
6-pounder Anti-tank Gun Team
Construct Company Command Post
Selects Forward Repair Assembly
Selects UNKNOWN (2162094)
Churchill IV Heavy Tank
Foot Guards Section
Armored Vehicle Training
Selects Recon Artillery
Recon Artillery
Crusader AA Medium Tank
DibbeTC
Mad Mac
Premium
Twin
=BiA=Templaar
Tosti
0
0
Comments
sign in to comment!
No comments posted yet!